 Dungeon Crawl Stone Soup version 0.28.0-49-g6dfe1f597d (webtiles) character file.

Game seed: 2535917239868453824

2199 pkoi the Ruffian (level 8, -6/67 HPs)
             Began as a Demigod Gladiator on May 17, 2022.
             Killed by divine providence
             ... invoked by an orc priest
              (15 damage)
             ... on level 7 of the Dungeon.
             The game lasted 00:13:53 (12593 turns).

pkoi the Ruffian (Demigod Gladiator)               Turns: 12593, Time: 00:13:53

Health: -6/67      AC:  9    Str: 19    XL:     8   Next: 88%
Magic:  15/15      EV: 16    Int: 20    God:
Gold:   357        SH:  0    Dex: 15    Spells: 5/12 levels left

rFire   . . .      SeeInvis .     - Unarmed
rCold   . . .      Faith    .   (no shield)
rNeg    . . .      Spirit   .   o - +3 leather armour {Will+}
rPois   +          Reflect  .   b - +1 helmet
rElec   .          Harm     .   f - +0 cloak
rCorr   .          Rampage  .   (no gloves)
Will    +....      Rage     1%  (no boots)
Stlth   +++.......              (no amulet)
HPRegen 0.21/turn               h - +4 ring of evasion
MPRegen 0.14/turn               j - +6 ring of intelligence

@: no status effects
A: high MP 1, forlorn, divine attributes, berserk 1, poison resistance
a: no special abilities


You were on level 7 of the Dungeon.
You visited 1 branch of the dungeon, and saw 8 of its levels.

You collected 357 gold pieces.

Inventory:

Hand Weapons
 d - a +1 dagger
 e - a +0 short sword
 n - a +2 vampiric dagger
 t - a +1 whip of flaming
 A - a +3 spear of venom
Missiles
 c - a throwing net (quivered)
Armour
 a - a +0 leather armour
 b - a +1 helmet (worn)
 f - a +0 cloak (worn)
 k - a +0 chain mail
 o - a +3 leather armour of willpower (worn)
 u - a +2 robe of cold resistance
 B - a +1 kite shield of protection
Jewellery
 h - a +4 ring of evasion (left hand)
 j - a +6 ring of intelligence (right hand)
 l - a ring of ice
Wands
 m - a wand of flame (3)
Scrolls
 i - a scroll of amnesia
 q - 2 scrolls of enchant weapon
 r - 3 scrolls of fog
 x - a scroll of teleportation
 C - a scroll of magic mapping
Potions
 g - 5 potions of curing
 p - a potion of lignification
 v - a potion of haste
 w - a potion of magic
 z - a potion of cancellation


   Skills:
 + Level 4.7 Fighting
 - Level 1.7 Throwing
 + Level 3.3 Armour
 - Level 2.6 Dodging
 - Level 4.7 Stealth
 + Level 0.5 Shields
 * Level 7.1 Unarmed Combat
 + Level 2.9 Spellcasting
 + Level 3.2 Air Magic


You had 5 spell levels left.
You knew the following spells:

 Your Spells              Type           Power      Damage    Failure   Level
a - Swiftness             Air            16%        N/A       13%         3
b - Airstrike             Air            8%         N/A       38%         4

Your spell library contained the following spells:

 Spells                   Type           Power      Damage    Failure   Level
 Shock                    Conj/Air       36%        1d5       9%          1
 Petrify                  Tmut/Erth      2%         N/A       86%         4
 Metabolic Englaciation   Hex/Ice        1%         N/A       99%         5
 Statue Form              Tmut/Erth      1%         N/A       100%        6


Dungeon Overview and Level Annotations

Branches:
Dungeon (8/15)             Temple (0/1) D:5
   Lair: D:8-11

Shops:
D:7 :

Annotations:
D:3 3 runed translucent doors, bobregger's ghost, amateur OgBe
D:5 2 transporters, Zeld's ghost, novice GrEE
D:8 Erica


Innate Abilities, Weirdness & Mutations

You have an increased reservoir of magic. (+10% MP)
You shall have no god before yourself.
Your divine heritage dramatically boosts your attributes as you level up.
You tend to lose your temper in combat.
Your system is resistant to poisons. (rPois)


Message History

The warg misses you.
You closely miss the warg.
The warg is lightly wounded.
The warg misses you.
The orc priest looks encouraged for a moment.
You closely miss the warg. You punch the warg, but do no damage.
The warg is lightly wounded.
The warg completely misses you.
You hit the warg.
The warg is moderately wounded.
The warg bites you but does no damage. The warg bites you!
* * * LOW HITPOINT WARNING * * *
You miss the warg.
The warg is moderately wounded.
The warg misses you.
You closely miss the warg.
The warg is moderately wounded.
The warg barely misses you.
You closely miss the warg.
The warg is moderately wounded.
The warg bites you.
* * * LOW HITPOINT WARNING * * *
The orc priest begins to cast a cantrip, but forgets the words!
You closely miss the warg.
The warg is moderately wounded.
The warg barely misses you.
You miss the warg.
The warg is moderately wounded.
The warg bites you.
* * * LOW HITPOINT WARNING * * *
You punch the warg!
The warg is heavily wounded.
The warg bites you!
* * * LOW HITPOINT WARNING * * *
The warg barely misses you.
You closely miss the warg.
The warg is heavily wounded.
The orc priest calls down the wrath of Beogh upon you.
Beogh smites you!
You die...

#########.#####.###.#
#.## #.# #.# #..# #.#
#.# ##(## #.# #.#
#..# #.# #.#
##.###.###.#
#..##.....#
##.##.##### #..#@#
##.#h# #..o# ##..#
#..># #.#.# #.#.#####
#.#.....# #.#####.#


You could see a warg and an orc priest.

Vanquished Creatures
  Pikel (D:3)
  A wyvern (D:8)
  Menkaure (D:4)
  A hornet zombie (D:7)
  An ice beast (D:7)
  2 ogres
  A lemure (D:3)
  2 centaurs
  3 bullfrogs
  2 scorpions
  2 howler monkeys (D:5)
  4 jellies
  2 orc priests (D:6)
  A bullfrog skeleton (D:6)
  Ijyb (D:3)
  2 iguanas
  2 orc wizards (D:6)
  A howler monkey zombie (D:6)
  10 gnolls
  5 adders
  A white imp (D:6)
  2 adder skeletons (D:4)
  2 worms
  A dart slug (D:4)
  10 orcs
  6 endoplasms
  2 giant cockroaches (D:1)
  5 hobgoblins
  4 kobolds
  2 quokkas
  6 ball pythons
  8 bats
  7 frilled lizards
  8 goblins
  2 rats
111 creatures vanquished.

Notes
Turn   | Place    | Note
-------+----------+-------------------------------------------
     0 | D:1      | pkoi the Demigod Gladiator began the quest for the Orb.
     0 | D:1      | Reached XP level 1. HP: 17/17 MP: 3/3
    78 | D:1      | Reached skill level 3 in Unarmed Combat
   288 | D:1      | Reached XP level 2. HP: 14/24 MP: 4/4
   790 | D:1      | Reached skill level 1 in Stealth
  1328 | D:2      | Reached XP level 3. HP: 16/29 MP: 5/5
  2674 | D:3      | Found a runed translucent gate.
  2674 | D:3      | Found a runed translucent gate.
  2674 | D:3      | Found a runed translucent gate.
  2682 | D:3      | Noticed Ijyb
  3113 | D:2      | Reached XP level 4. HP: 30/37 MP: 6/6
  3772 | D:2      | Reached skill level 4 in Unarmed Combat
  4434 | D:3      | Noticed an ogre
  4444 | D:3      | Killed an ogre
  4445 | D:3      | Reached XP level 5. HP: 21/45 MP: 7/7
  4732 | D:3      | Noticed bobregger's ghost (amateur OgBe)
  4757 | D:3      | Killed Ijyb
  4966 | D:3      | Learned a level 3 spell: Swiftness
  5521 | D:4      | Noticed Pikel
  5851 | D:4      | Reached XP level 6. HP: 47/51 MP: 7/9
  5955 | D:4      | Reached skill level 5 in Unarmed Combat
  6309 | D:3      | Killed Pikel
  6310 | D:3      | Reached skill level 1 in Armour
  6310 | D:3      | Reached skill level 1 in Spellcasting
  6310 | D:3      | Reached skill level 1 in Air Magic
  6310 | D:3      | Reached XP level 7. HP: 58/58 MP: 9/12
  6529 | D:4      | Noticed Menkaure
  6538 | D:4      | Gained mutation: Your system is resistant to poisons.
                  | (rPois) [potion of mutation]
  6538 | D:4      | Gained mutation: You tend to lose your temper in combat.
                  | [potion of mutation]
  6547 | D:4      | Killed Menkaure
  7070 | D:4      | Noticed Sigmund
  7076 | D:4      | Noticed Sigmund
  7076 | D:4      | Sigmund changed into Sigmund the jelly
  7082 | D:4      | Killed Sigmund the jelly
  7220 | D:5      | Entered Level 5 of the Dungeon
  7337 | D:5      | Found a transporter.
  7338 | D:5      | Noticed Zeld's ghost (novice GrEE)
  7404 | D:5      | Found a transporter.
  7543 | D:5      | Found a staircase to the Ecumenical Temple.
  7683 | D:5      | Reached skill level 6 in Unarmed Combat
  8178 | D:6      | Reached XP level 8. HP: 66/66 MP: 14/14
  9282 | D:6      | Learned a level 4 spell: Airstrike
  9916 | D:7      | Found Gimiv's Book Shoppe.
 10502 | D:6      | Reached skill level 7 in Unarmed Combat
 12059 | D:8      | Noticed Erica
 12593 | D:7      | Killed from afar by an orc priest

Illustrated notes

Levels and vault maps discovered:
D:1:      lightli_arrival_statue_moat, layout_rooms
D:2:      layout_loops_ring, dreamdust_ecumenical_altar_statues
D:3:      layout_rooms, nicolae_overflow_hidden_temple, gammafunk_ghost_icy,
          grunt_ministairs_9, kennysheep_generic_room_3, uniq_ijyb
D:4:      layout_loops_cross, uniq_pikel, uniq_sigmund, uniq_menkaure
D:5:      layout_loops_ring, pdpol_wu_jian_five_deadly_venoms,
          minmay_temple_entry_antechambers, gammafunk_ghost_mausoleum
D:6:      layout_basic
D:7:      layout_basic, mainiacjoe_overflow_surrounded_room, serial_shops, shop
D:8:      layout_cave_pools, amcnicky_altar_lugonu_corruption, uniq_erica

Skill      XL: |  1  2  3  4  5  6  7  8 |
---------------+-------------------------+-----
Fighting       | 2 3 4 |  4.7
Unarmed Combat | 3 4 5 6 7 |  7.1
Stealth        | 1 2 3 4 |  4.7
Armour         | 1 2 3 |  3.3
Spellcasting   | 1 2 |  2.9
Air Magic      | 1 2 3 |  3.2
Throwing       | |  1.7
Dodging        | |  2.6
Shields        | |  0.5

Action                   |  1- 3 |  4- 6 |  7- 9 || total
-------------------------+-------+-------+-------++-------
Melee: Unarmed           |   186 |   181 |   267 ||   634
       Punch             |     4 |     6 |    11 ||    21
       Spear             |       |       |     3 ||     3
Throw: Throwing net      |       |     1 |     1 ||     2
Evoke: Wand              |       |       |     6 ||     6
  Use: Scroll            |     6 |     2 |     7 ||    15
       Potion            |       |     2 |     4 ||     6
 Stab: Sleeping          |       |     3 |     3 ||     6
       Held in net/web   |       |       |     2 ||     2
Armor: Leather armour    |    49 |    16 |    54 ||   119
       Chain mail        |    19 |    30 |       ||    49
       Skin              |       |     4 |       ||     4
Dodge: Dodged            |   108 |    93 |   159 ||   360
Block: Kite shield       |       |       |    10 ||    10
